 Dungeon Crawl Stone Soup version 0.28-a0-883-gc8d7bad45d (webtiles) character file.

Game seed: 2500321754402985733

297 ytrimaz the Cudgeller (level 6, 48/48 HPs)
             Began as a Demonspawn Fighter on Nov 22, 2021.
             Quit the game on level 2 of the Dungeon.
             The game lasted 00:02:17 (1683 turns).

ytrimaz the Cudgeller (Demonspawn Fighter)          Turns: 1683, Time: 00:02:17

Health: 48/48      AC: 16    Str: 18    XL:     6   Next: 12%
Magic:  6/6        EV:  5    Int:  9    God:
Gold:   104        SH:  9    Dex: 13    Spells: 5/5 levels left

rFire   . . .      SeeInvis .   j - +3 whip (elec)
rCold   . . .      Faith    .   c - +0 buckler
rNeg    . . .      Spirit   .   l - +0 plate armour
rPois   .          Reflect  .   (no helmet)
rElec   .          Harm     .   (no cloak)
rCorr   .          Rampage  .   (no gloves)
Will    .....                   (no boots)
Stlth   ..........              (no amulet)
HPRegen 0.16/turn               (no ring)
MPRegen 0.10/turn               (no ring)

@: no status effects
A: icemail 1, sharp scales 1, condensation shield, demonic magic 1
a: no special abilities


You were on level 2 of the Dungeon.
You visited 1 branch of the dungeon, and saw 2 of its levels.

You collected 104 gold pieces.

Inventory:

Hand Weapons
 a - a +0 flail
 j - a +3 whip of electrocution (weapon)
Missiles
 b - 3 poisoned darts
Armour
 c - a +0 buckler (worn)
 l - a +0 plate armour (worn)
Wands
 h - a wand of iceblast (7) (quivered)
Potions
 d - a potion of might
 e - a potion of heal wounds
 f - 2 potions of curing
 g - a potion of resistance
 i - a potion of lignification {unknown}
 k - a potion of flight {unknown}


   Skills:
 + Level 3.9 Fighting
 + Level 4.0 Maces & Flails
 + Level 3.7 Armour
 + Level 3.5 Shields
 + Level 0.2 Evocations


You had 5 spell levels left.
You didn't know any spells.
Your spell library was empty.

Dungeon Overview and Level Annotations

Branches:
Dungeon (2/15)

Altars:


Innate Abilities, Weirdness & Mutations

A meltable icy envelope protects you from harm. (AC +4)
You are partially covered in razor-sharp scales. (AC +1, Slay +1)
A meltable shield of frost defends you. (SH +4)
Spells you cast may paralyse adjacent enemies.


Message History

You have reached level 5!
i - a black potion You now have 104 gold pieces (gained 4).
Sigmund the Dreaded comes into view.
He is wielding a +0 scythe and wearing a +1 robe of positive energy.
Sigmund shouts!
Sigmund is nearby!
Sigmund is nearby!
Okay, then.
Sigmund is nearby!
The mass of ice explodes!
The iceblast engulfs Sigmund!
Sigmund is heavily wounded.
The mass of ice explodes!
The iceblast engulfs Sigmund.
Sigmund is severely wounded.
The mass of ice explodes!
The iceblast engulfs Sigmund!
You kill Sigmund!
Your Maces & Flails skill increases to level 4!
You have reached level 6!
Your experience leads to an increase in your attributes!
Increase (S)trength, (I)ntelligence, or (D)exterity?
You feel stronger.
Your demonic ancestry asserts itself...
A menacing aura infuses your magic.
k - a red potion
Things that are here:
a +0 scythe; a +1 robe of positive energy You see here a +0 halberd.
You see here a +0 spear.
You see here a +0 halberd.
You see here a +0 halberd.
You see here a +0 spear.
You open the door.
A ball python comes into view.
The ball python hisses angrily.
A ball python is nearby!
A ball python is nearby!
Found a stone staircase leading down.
There is an open door here.
You whack the ball python!
You kill the ball python!
You see here a ball python corpse.
Are you sure you want to abandon this character and quit the game? (Confirm with "yes".)

.....# .....# ...# .....# ...# ..
.....###### #######...# #..
........... ......>..# #.#
.##.###.### #........ ...
.##.....# #.#....# #.# .#......#
#......# .. #.# .#......#
#..@...##..# ##.### .#...##.#
#..†..........#..... ......#.#
#.............#..### #....##)#
#..#'#......#.#.....
#.#####.######..#.#####....#.##.#
#.# #.#.......#.#.. #...#.##.#
#.# #.'.........#.##.#...#.##.#
#.# #.#.......###..#.#...#.##(#
#.# #.#..............#.....##.#


There were no monsters in sight!

Vanquished Creatures
  Sigmund (D:2)
  Natasha (thrice) (D:2)
  3 gnolls (D:2)
  2 adders (D:2)
  2 bats (D:1)
  6 endoplasms (D:1)
  3 giant cockroaches (D:1)
  3 goblins
  A hobgoblin (D:1)
  A jackal (D:2)
  A quokka (D:1)
  2 ball pythons (D:2)
  2 frilled lizards (D:2)
  6 rats
36 creatures vanquished.

Notes
Turn   | Place    | Note
-------+----------+-------------------------------------------
     0 | D:1      | ytrimaz the Demonspawn Fighter began the quest for the Orb.
     0 | D:1      | Reached XP level 1. HP: 18/18 MP: 1/1
   202 | D:1      | Found a faded altar of an unknown god.
   228 | D:1      | Gained mutation: You are partially covered in razor-sharp
                  | scales. (AC +1, Slay +1) [demonic ancestry]
   228 | D:1      | Reached XP level 2. HP: 3/24 MP: 2/2
   548 | D:1      | Reached skill level 2 in Maces & Flails
   944 | D:2      | Gained mutation: A meltable shield of frost defends you.
                  | (SH +4) [demonic ancestry]
   944 | D:2      | Reached XP level 3. HP: 29/29 MP: 3/3
  1058 | D:2      | Noticed Natasha
  1066 | D:2      | Killed Natasha
  1067 | D:2      | Gained mutation: A meltable icy envelope protects you from
                  | harm. (AC +4) [demonic ancestry]
  1067 | D:2      | Reached XP level 4. HP: 33/35 MP: 4/4
  1086 | D:2      | Noticed Natasha
  1090 | D:2      | Killed Natasha
  1177 | D:2      | Reached skill level 3 in Maces & Flails
  1457 | D:2      | Noticed Natasha
  1467 | D:2      | Killed Natasha
  1468 | D:2      | Reached XP level 5. HP: 33/42 MP: 5/5
  1584 | D:2      | Noticed Sigmund
  1587 | D:2      | Killed Sigmund
  1588 | D:2      | Reached skill level 4 in Maces & Flails
  1588 | D:2      | Gained mutation: Spells you cast may paralyse adjacent
                  | enemies. [demonic ancestry]
  1588 | D:2      | Reached XP level 6. HP: 48/48 MP: 6/6
  1683 | D:2      | Quit the game

Illustrated notes

Levels and vault maps discovered:
D:1:      heliophobic_arrival_henge, layout_basic,
          hellmonk_ecumenical_altar_lost_god
D:2:      layout_basic, serial_park_tiny_pond, minmay_tetromino_s4,
          uniq_sigmund, uniq_natasha

Skill      XL: |  1  2  3  4  5 |
---------------+----------------+-----
Maces & Flails | 2 3 4 |  4.0
Armour         | 3 |  3.7
Shields        | 3 |  3.5
Fighting       | |  3.9
Evocations     | |  0.2

Action                   |  1- 3 |  4- 6 || total
-------------------------+-------+-------++-------
Melee: Flail             |    43 |       ||    43
       Whip              |    43 |    28 ||    71
Evoke: Wand              |       |     3 ||     3
  Use: Scroll            |     6 |       ||     6
Armor: Scale mail        |    34 |       ||    34
       Plate armour      |    11 |    12 ||    23
Dodge: Dodged            |    29 |     5 ||    34
Block: Buckler           |    28 |    13 ||    41

Table legend: (Time is in decaauts)
 A = Elapsed time spent in this place.
 B = Non-inter-level travel time spent in this place.
 C = Inter-level travel time spent in this place.
 D = Time resting spent in this place.
 E = Time spent auto-exploring this place.
 F = Levels seen in this place.
 G = Mean time per level.
                   A        B        C        D        E       F      G
               +--------+--------+--------+--------+--------+-----+--------+
         Total |   1697 |   1691 |      6 |    492 |    817 |   2 |  848.5 |
       Dungeon |   1697 |   1691 |      6 |    492 |    817 |   2 |  848.5 |
               +--------+--------+--------+--------+--------+-----+--------+

Top non-repeatable levels by time:
     D:1: 923 daAuts
     D:2: 773 daAuts
